 Dungeon Sprint DCSS version 0.28-a0-1387-g3a22ab9bdc (webtiles) character file.

Game seed: 8180415711063674739

554 mhtbhm the Spear-Bearer (level 7, -14/63 HPs)
             Began as a Formicid Fighter on Jan 2, 2022.
             Was a Follower of Makhleb.
             Killed from afar by a deep elf pyromancer (24 damage)
             ... with a bolt of fire
             ... in the Dungeon (Sprint III: "The Ten Rune Challenge").
             The game lasted 00:01:40 (977 turns).

mhtbhm the Spear-Bearer (Formicid Fighter)           Turns: 977, Time: 00:01:41

Health: -14/63     AC:  8    Str: 23    XL:     7   Next: 55%
Magic:  9/9        EV: 10    Int:  7    God:    Makhleb [*.....]
Gold:   33         SH:  5    Dex: 10    Spells: 6/6 levels left

rFire   . . .      SeeInvis +   a - +0 trident
rCold   + . .      Faith    .   c - +0 buckler
rNeg    . . .      Spirit   .   b - +0 scale mail
rPois   .          Reflect  .   (helmet unavailable)
rElec   .          Harm     .   (no cloak)
rCorr   .          Rampage  .   (no gloves)
Will    +....                   (no boots)
Stlth   ..........              (no amulet)
HPRegen 0.20/turn               (no ring)
MPRegen 0.11/turn               (no ring)

@: mighty
A: permanent stasis, dig shafts and tunnels, antennae 3, four strong arms,
talons 1, cold resistance 1, strong-willed 1
a: Dig, Renounce Religion


You were in the Dungeon.
You worshipped Makhleb.
Makhleb was aware of your devotion.
You visited 1 branch You collected 33 gold pieces.

Inventory:

Hand Weapons
 a - a +0 trident (weapon)
Armour
 b - a +0 scale mail (worn)
 c - a +0 buckler (worn)
Wands
 h - a wand of flame (15)
 m - a wand of acid (11)
Scrolls
 i - 2 scrolls of holy word {unknown}
 j - 3 scrolls of identify
Potions
 e - a potion of curing
 g - 2 potions of magic
 k - 2 potions of flight
 l - 4 potions of mutation
Miscellaneous
 f - a box of beasts


   Skills:
 + Level 8.6 Fighting
 + Level 9.1 Polearms
 + Level 9.0 Armour
 + Level 1.0 Dodging
 + Level 8.0 Shields
 * Level 2.6 Invocations


You had 6 spell levels left.
You didn't know any spells.
Your spell library contained the following spells:

 Spells                   Type           Power      Damage    Failure   Level
 Foxfire                  Conj/Fire      0%         2x1d4     71%         1
 Conjure Flame            Conj/Fire      0%         6-21      97%         3
 Inner Flame              Hex/Fire       0%         N/A       97%         3
 Flame Wave               Conj/Fire      0%         2d4       100%        4


Dungeon Overview and Level Annotations

Branches:
Dungeon (1/1)

Altars:
Cheibriados
Dithmenos
Elyvilon
Fedhas
Gozag
Hepliaklqana
Kikubaaqudgha
Makhleb
Nemelex Xobeh
Qazlal
Ru
Sif Muna
Vehumet
Xom
Yredelemnul
Zin
The Shining One
Jiyva
Lugonu


Innate Abilities, Weirdness & Mutations

You cannot be hasted, slowed, berserked, paralysed or teleported.
You can dig through walls and to a lower floor.
You have a pair of large antennae on your head. (SInv)
Your four strong arms can wield two-handed weapons with a shield.
You have sharp toenails.
Your flesh is cold resistant. (rC+)
You are strong-willed. (Will+)


Message History

You are too injured to fight recklessly!
You are too injured to fight recklessly!
You are too injured to fight recklessly!
You are too injured to fight recklessly!
You are too injured to fight recklessly!
You are too injured to fight recklessly!
You are too injured to fight recklessly!
You are covered in liquid flames!
The flames go out!
The deep elf pyromancer points at you and mumbles some strange words.
The bolt of fire hits you!
* * * LOW HITPOINT WARNING * * *
There is a fountain of clear blue water here.
Unknown command.
You feel better.
You are engulfed in a cloud of scalding steam.
You feel better.
You are engulfed in a cloud of scalding steam.
You feel very mighty all of a sudden.
You are engulfed in a cloud of scalding steam.
You are too injured to fight recklessly!
Reach: a) +0 trident
Press: ? - help, Dir - move target, f - deep elf pyromancer
Aim: a deep elf pyromancer, wielding a +0 long sword of holy wrath (about 46% to evade your +0 trident)
You reach to attack!
You hit the deep elf pyromancer.
The deep elf pyromancer is lightly wounded.
You are engulfed in a cloud of scalding steam.
* * * LOW HITPOINT WARNING * * *
You closely miss the deep elf pyromancer.
The deep elf pyromancer is lightly wounded.
You are engulfed in a cloud of scalding steam.
* * * LOW HITPOINT WARNING * * *
The deep elf pyromancer hits you but does no damage.
Your scale mail prevents you from hitting the deep elf pyromancer.
Your kick misses the deep elf pyromancer.
The deep elf pyromancer is lightly wounded.
You are engulfed in a cloud of scalding steam.
The deep elf pyromancer casts a spell at you.
The bolt of fire hits you!!
You die...

▓▓▓▓▓ ▓▓▓ #...####
##.##### ####
#......#####..#___# {#__#
#...†...#..#..#!..# {#._#
{{{
##.##...#..#..###'#+###)##
{{{
##.###..##'#..#.e........#
{{{
###.##).###...'.@........#
#..##..####...#...######'#
...##.†###....#.⌠.#__#...#
†.##...##.....#...#__#...#
.##....#......#)###__#...#
###..##.#.....#)..#__#...+
# #.. ####....#___#__'...#
{ ▓ ▓▓▓ ▓▓▓▓▓▓▓▓▓▓▓▓▓▓▓▓▓
{ { {


You could see a deep elf pyromancer.

Vanquished Creatures
  A shadow (D)
  A spatial vortex (D)
  A necrophage (D)
  A water elemental (D)
  A jelly (D)
  Jessica (D)
  A necromancer (D)
  A wizard (D)
  A human (D)
  A kobold demonologist (D)
  A phantom (D)
  3 rats (D)
14 creatures vanquished.

Notes
Turn   | Place    | Note
-------+----------+-------------------------------------------
     0 | D        | mhtbhm the Formicid Fighter began the quest for the Orb.
     0 | D        | Reached XP level 1. HP: 18/18 MP: 1/1
    40 | D        | Noticed Jessica
    44 | D        | Killed Jessica
    45 | D        | Reached skill level 5 in Shields
    45 | D        | Reached XP level 2. HP: 21/26 MP: 2/2
    45 | D        | Reached XP level 3. HP: 26/32 MP: 3/3
   123 | D        | Reached skill level 5 in Fighting
   123 | D        | Reached skill level 5 in Armour
   219 | D        | Reached XP level 4. HP: 27/39 MP: 4/4
   242 | D        | Gained mutation: You are partially covered in iridescent
                  | scales. (AC +2) [potion of mutation]
   242 | D        | Gained mutation: Your spells are a little harder to cast,
                  | but a little more powerful. [potion of mutation]
   242 | D        | Gained mutation: Potions are less effective at restoring
                  | your health. [potion of mutation]
   242 | D        | Gained mutation: You have sharp toenails. [potion of
                  | mutation]
   243 | D        | Lost mutation: Potions are less effective at restoring your
                  | health. [potion of mutation]
   243 | D        | Lost mutation: You are partially covered in iridescent
                  | scales. (AC +2) [potion of mutation]
   243 | D        | Lost mutation: Your spells are a little harder to cast, but
                  | a little more powerful. [potion of mutation]
   243 | D        | Gained mutation: You are strong-willed. (Will+) [potion of
                  | mutation]
   243 | D        | Gained mutation: Your flesh is cold resistant. (rC+)
                  | [potion of mutation]
   308 | D        | Noticed a water elemental
   316 | D        | Killed a water elemental
   317 | D        | Reached skill level 5 in Polearms
   317 | D        | Reached XP level 5. HP: 17/46 MP: 5/5
   659 | D        | Noticed a shadow
   675 | D        | Killed a shadow
   676 | D        | Reached XP level 6. HP: 29/55 MP: 6/6
   821 | D        | Found a blossoming altar of Fedhas.
   821 | D        | Found a stormy altar of Qazlal.
   821 | D        | Found a snail-covered altar of Cheibriados.
   821 | D        | Found a burning altar of Makhleb.
   821 | D        | Found a shimmering altar of Xom.
   822 | D        | Found a hazy altar of Hepliaklqana.
   822 | D        | Found an opulent altar of Gozag.
   822 | D        | Found a sparkling altar of Nemelex Xobeh.
   822 | D        | Found a corrupted altar of Lugonu.
   822 | D        | Found a viscous altar of Jiyva.
   822 | D        | Noticed a spatial vortex
   831 | D        | Killed a spatial vortex
   832 | D        | Reached XP level 7. HP: 62/62 MP: 7/7
   839 | D        | Became a worshipper of Makhleb the Destroyer
   854 | D        | Found a basalt altar of Yredelemnul.
   854 | D        | Found a shadowy altar of Dithmenos.
   854 | D        | Found a sacrificial altar of Ru.
   861 | D        | Reached skill level 1 in Invocations
   869 | D        | Reached skill level 1 in Dodging
   942 | D        | Found a radiant altar of Vehumet.
   942 | D        | Found a shimmering blue altar of Sif Muna.
   942 | D        | Found an ancient bone altar of Kikubaaqudgha.
   943 | D        | Reached * piety under Makhleb
   966 | D        | Found a glowing silver altar of Zin.
   966 | D        | Found a glowing golden altar of the Shining One.
   966 | D        | Found a white marble altar of Elyvilon.
   967 | D        | Noticed a deep elf pyromancer
   977 | D        | Killed from afar by a deep elf pyromancer

Illustrated notes

Levels and vault maps discovered:
D:        dungeon_sprint_mu [sprint_mu_entry_cave, sprint_mu_temple_rooms,
          sprint_mu_d1_horrors, sprint_mu_d2_genie, sprint_mu_d3_branching,
          sprint_mu_orc_legion, sprint_mu_elf_gauntlet, sprint_mu_hive_nellie,
          sprint_mu_lair_fedhas, sprint_mu_vaults_butterflies,
          sprint_mu_slime_circle, sprint_mu_swamp_cave, sprint_mu_shoals_archi,
          sprint_mu_blade_basic, sprint_mu_crypt_fortress,
          sprint_mu_tomb_spiral, sprint_mu_vestibule_basic,
          sprint_mu_gehenna_hellfire, sprint_mu_dis_giant,
          sprint_mu_tartarus_statrot, sprint_mu_cocytus_islands, sprint_mu_zot1]

Skill      XL: |  1  2  3  4  5  6  7 |
---------------+----------------------+-----
Shields        | 5 6 7 8 |  8.0
Fighting       | 4 5 6 7 8 |  8.6
Polearms       | 3 5 7 8 9 |  9.1
Armour         | 4 5 6 7 8 9 |  9.0
Invocations    | 2 |  2.6
Dodging        | 1 |  1.0

Action                   |  1- 3 |  4- 6 |  7- 9 || total
-------------------------+-------+-------+-------++-------
Melee: Trident           |    26 |    36 |    24 ||    86
       Kick              |       |     8 |     8 ||    16
  Use: Potion            |       |     3 |     3 ||     6
Armor: Scale mail        |     1 |     5 |     6 ||    12
Dodge: Dodged            |     2 |     5 |     5 ||    12
Block: Buckler           |     6 |     8 |     4 ||    18

Table legend: (Time is in decaauts)
 A = Elapsed time spent in this place.
 B = Non-inter-level travel time spent in this place.
 C = Inter-level travel time spent in this place.
 D = Time resting spent in this place.
 E = Time spent auto-exploring this place.
 F = Levels seen in this place.
 G = Mean time per level.
                   A        B        C        D        E       F      G
               +--------+--------+--------+--------+--------+-----+--------+
         Total |    979 |    979 |      0 |    690 |     26 |   1 |  979.0 |
       Dungeon |    979 |    979 |      0 |    690 |     26 |   1 |  979.0 |
               +--------+--------+--------+--------+--------+-----+--------+

Top non-repeatable levels by time:
       D: 979 daAuts
